 Dungeon Crawl Stone Soup version 0.25-a0-861-g340c9e8194 (webtiles) character file.

Game seed: 7152985184962930556, levelgen mode: deterministic

27 tilp the Bolt Thrower (level 3, -5/20 HPs)
             Began as a Kobold Arcane Marksman on Apr 30, 2020.
             Shot with an arrow by a centaur (6 damage)
             ... on level 2 of the Dungeon.
             The game lasted 00:03:08 (1307 turns).

tilp the Bolt Thrower (Kobold Arcane Marksman)      Turns: 1307, Time: 00:03:08

Health: -5/20      AC:  3    Str:  8    XL:     3   Next: 25%
Magic:  4/4        EV: 15    Int: 14    God:
Gold:   83         SH:  0    Dex: 15    Spells: 1/4 levels left

rFire    . . .     SeeInvis .   b - +3 spear
rCold    . . .     Gourm    .   (shield restricted)
rNeg     . . .     Faith    .   e - +0 robe
rPois    .         Spirit   .   i - +0 helmet (curse)
rElec    .         Reflect  .   (no cloak)
rCorr    .         Harm     .   (no gloves)
MR       .....                  (no boots)
Stlth    +.........             (no amulet)
HPRegen  0.06/turn              (no ring)
MPRegen  0.09/turn              (no ring)

@: hasted, very quick
A: small, carnivore
a: no special abilities


You were on level 2 of the Dungeon.
You were completely stuffed.

You visited 1 branch of the dungeon, and saw 2 of its levels.

You collected 83 gold pieces.

Inventory:

Hand Weapons
 a - a +0 hand crossbow
 b - a +3 spear (weapon)
Missiles
 d - 17 bolts
 h - 31 poisoned darts (quivered)
Armour
 e - a +0 robe (worn)
 i - a cursed +0 helmet (worn)
Jewellery
 l - an uncursed ring of stealth {unknown}
Scrolls
 j - a scroll of blinking {unknown}
 m - a scroll of teleportation {unknown}
 o - a scroll of identify {unknown}
Potions
 f - a potion of haste
 p - a potion of degeneration {unknown}
 q - a potion of heal wounds {unknown}
 r - a potion of lignification {unknown}
Comestibles
 c - 5 rations
 g - a chunk of flesh


   Skills:
 - Level 1.1 Fighting
 + Level 4.2 Crossbows
 - Level 2.4 Dodging
 - Level 1.1 Spellcasting
 - Level 3.0 Hexes


You had one spell level left.
You knew the following spells:

 Your Spells              Type           Power        Failure   Level  Hunger
a - Corona                Hex            #......      8%          1    ##.....
b - Slow                  Hex            #.......     12%         2    ###....

Your spell library contained the following spells:

 Spells                   Type           Power        Failure   Level  Hunger
 Inner Flame              Hex/Fire       #.......     38%         3    ####...
 Portal Projectile        Hex/Tloc       #.....       38%         3    ####...
 Cause Fear               Hex            #.........   58%         4    #####..
 Leda's Liquefaction      Hex/Erth       #.........   80%         4    #####..


Dungeon Overview and Level Annotations

Branches:
Dungeon (2/15)

Altars:
Qazlal


Innate Abilities, Weirdness & Mutations

You are small and have problems with some larger weapons.
You are carnivorous and can eat meat at any time.


Message History

There is a stone staircase leading up here.
b - a +3 spear (weapon)
A centaur comes into view.
The goblin shouts!
The centaur shouts!
The centaur wields a +0 shortbow.
The centaur shoots an arrow.
The arrow closely misses you.
You see here an arrow.
There is a stone staircase leading up here.
The centaur shoots an arrow.
The arrow closely misses you.
You see here an arrow.
The centaur shoots an arrow.
The arrow hits you!
You see here an arrow.
There is a stone staircase leading down here.
The centaur shoots an arrow.
The arrow hits you!
Ouch! That really hurt!
* * * LOW HITPOINT WARNING * * *
You see here an arrow.
It was a potion of haste.
You feel yourself speed up.
The centaur shoots an arrow.
The arrow hits you.
You die...

####<#### ##...###
#....c.# ##...#(#
##.##.# ####># #.#
#.# ... #@# #..#
#.# ### #..# #.#
..# #..# #.#
#.###..# #.#
...##..# #.#
.......#########.#
รท..#.............#
#...#..###########


You could see a centaur.

Vanquished Creatures
  A dart slug (D:1)
  6 bats (D:1)
  2 giant cockroaches
  2 hobgoblins (D:1)
  2 jackals (D:1)
  2 kobolds (D:1)
  A frilled lizard (D:1)
  4 goblins (D:1)
  3 rats
23 creatures vanquished.

Notes
Turn   | Place    | Note
-------+----------+-------------------------------------------
     0 | D:1      | tilp the Kobold Arcane Marksman began the quest for the
                  | Orb.
     0 | D:1      | Reached XP level 1. HP: 12/12 MP: 2/2
    97 | D:1      | Reached skill level 3 in Crossbows
   129 | D:1      | Reached XP level 2. HP: 13/16 MP: 3/3
   133 | D:1      | Learned a level 2 spell: Slow
   725 | D:1      | Reached skill level 4 in Crossbows
   725 | D:1      | Reached XP level 3. HP: 20/20 MP: 4/4
  1148 | D:2      | Found a stormy altar of Qazlal.
  1297 | D:2      | Noticed a centaur
  1306 | D:2      | HP: 1/20 [centaur/arrow (10)]
  1307 | D:2      | Shot with an arrow by a centaur

Levels and vault maps discovered:
D:1:      heliophobic_arrival_henge, layout_basic, minmay_stone_trees_small,
          solitary_fountain
D:2:      layout_loops_ring, lemuel_round_altar, overflow_temple_1_default,
          grunt_qazlal_clouds

Skill      XL: |  1  2 |
---------------+-------+-----
Crossbows      | 3 4 |  4.2
Fighting       | |  1.1
Dodging        | |  2.4
Spellcasting   | |  1.1
Hexes          | |  3.0

Action                   || total
-------------------------++-------
Melee: Mace              ||    48
       Spear             ||     6
 Fire: Hand crossbow     ||    22
 Cast: Corona            ||    16
  Use: Potion            ||     1
  Eat: Chunk             ||    10
Armor: Robe              ||    23
Dodge: Dodged            ||    77

Table legend:
 A = Non-vault XP
 B = Vault XP
 C = Vault XP percentage of total XP
 D = Non-vault monster count
 E = Vault monster count
 F = Vault count percentage of total count
                 A         B        C        D         E       F
            +---------+---------+-------+---------+---------+-------
      Total |      39 |       0 |   0.0 |      23 |       0 |   0.0
            +---------+---------+-------+---------+---------+-------
        D:1 |      36 |       0 |   0.0 |      21 |       0 |   0.0
        D:2 |       3 |       0 |   0.0 |       2 |       0 |   0.0
            +---------+---------+-------+---------+---------+-------
